 Dungeon Crawl Stone Soup version 0.16-a0-3843-ged98c6c (webtiles) character file.

172 timbw the Slasher (level 5, 14/41 HPs)
             Began as a Human Fighter on Jan 30, 2015.
             Quit the game on level 5 of the Dungeon.
             The game lasted 00:05:12 (1181 turns).

timbw the Slasher (Human Fighter)                   Turns: 1181, Time: 00:05:12

Health: 14/41      AC:  6    Str: 17    XL:     5   Next: 82%
Magic:  5/5        EV:  5    Int:  8    God:
Gold:   56         SH: 13    Dex: 13    Spells: 0 memorised, 4 levels left

rFire  . . .     SeeInvis +     a - +0 long sword
rCold  . . .     Clarity  .     b - +0 scale mail
rNeg   . . .     SustAb   .     l - +0 large shield
rPois  .         Gourm    .     (no helmet)
rElec  .         Spirit   .     (no cloak)
rCorr  .         Warding  .     (no gloves)
rMut   .         Stasis   .     (no boots)
MR     .....                    (no amulet)
Stlth  ..........               (no ring)
                                p - ring of see invisible

@: not resistant to hostile enchantments, extremely unstealthy
A: no striking features
a: no special abilities


You were on level 5 of the Dungeon.
You were not hungry.

You visited 1 branch of the dungeon, and saw 6 of its levels.

You collected 56 gold pieces.

Inventory:

Hand weapons
 a - a +0 long sword (weapon)
Armour
 b - a +0 scale mail (worn)
 c - a +0 shield
 l - a +0 large shield (worn)
Jewellery
 p - a ring of see invisible (left hand)
Magical devices
 s - a wand of slowing (0)
Scrolls
 e - a scroll of enchant weapon {unknown}
 f - 2 scrolls of magic mapping {unknown}
 i - 3 scrolls of identify {unknown}
 j - 2 scrolls of blinking {unknown}
 k - a scroll of recharging {unknown}
 q - a scroll of noise {unknown}
 t - a scroll of amnesia {unknown}
Potions
 g - a potion of restore abilities {unknown}
 h - a potion of curing {unknown}
 n - 2 potions of agility {unknown}
 o - a potion of ambrosia {unknown}
 r - a potion of might
 u - a potion of invisibility {unknown}
Comestibles
 d - 2 bread rations
 m - 3 meat rations


   Skills:
 - Level 3.0 Fighting
 + Level 5.5 Long Blades
 - Level 3.0 Armour
 - Level 3.0 Shields


You had 4 spell levels left.
You didn't know any spells.

Dungeon Overview and Level Annotations

Branches:
Dungeon (6/15)
 Temple: D:4-7

Altars:
Ashenzari

Shops:
D:6 ?

Annotations:
D:4 Pikel


Message History

You block the bat's attack.
Found 14 stones.
Found a shattered altar of Ashenzari.
The gnoll shouts!
You block the bat's attack. x2
You hit the bat but do no damage. You block the bat's attack.
The gnoll hits you but does no damage.
A gnoll comes into view. It is wielding a spear.
The gnoll shouts!
You block the gnoll's attack.
Found a short bronze wand.
You hit the bat but do no damage. You block the bat's attack.
The bat hits you but does no damage. The gnoll hits you with a club.
You block the gnoll's attack. The gnoll barely misses you.
You hit the bat.
The bat is severely wounded.
You block the bat's attack. The bat barely misses you.
The gnoll hits you with a club. You block the gnoll's attack.
The gnoll barely misses you.
The gnoll hits you from afar with a halberd!
Are you sure you want to abandon this character and quit the game? (Confirm with "yes".)

.#.. /...#.(.
#...._..# #....#..#
##....#..#
..######....###.#
.=.g.....%..###.##
...........$###g.#
............gg@gg.#
........>....g##g.#
.............b.#.##
########........##
##........#
##..(.....#
#.........#
#...........#
#.......%...#


You could see 7 gnolls and a bat.

Vanquished Creatures
  A crimson imp (D:6)
  A centaur skeleton (D:5)
  A worker ant (D:3)
  Ijyb (D:6)
  2 adders
  2 giant geckos (D:1)
  An ooze (D:2)
  6 orcs
  A ball python (D:1)
  5 giant cockroaches
  2 goblins
  5 hobgoblins
  5 kobolds
  A quokka (D:2)
  4 bats
  2 jackals (D:6)
  2 rats (D:2)
42 creatures vanquished.

Notes
Turn   | Place    | Note
--------------------------------------------------------------
     0 | D:1      | timbw, the Human Fighter, began the quest for the Orb.
     0 | D:1      | Reached XP level 1. HP: 18/18 MP: 1/1
   109 | D:1      | Reached XP level 2. HP: 21/24 MP: 2/2
   257 | D:4      | Reached XP level 3. HP: 16/29 MP: 3/3
   276 | D:4      | Noticed a slave
   279 | D:4      | Noticed Pikel
   279 | D:4      | Noticed a slave
   280 | D:4      | Noticed a slave
   427 | D:3      | Reached skill level 4 in Long Blades
   427 | D:3      | Reached XP level 4. HP: 7/35 MP: 4/4
   897 | D:5      | Entered Level 5 of the Dungeon
   911 | D:5      | Reached skill level 5 in Long Blades
   911 | D:5      | Reached XP level 5. HP: 25/41 MP: 5/5
   989 | D:6      | Noticed Ijyb
  1027 | D:6      | Killed Ijyb
  1143 | D:6      | Found Idyceir's Magic Scroll Emporium.
  1147 | D:6      | Noticed an orc warrior
  1175 | D:5      | Found a shattered altar of Ashenzari.
  1181 | D:5      | Quit the game

Action                   |  1- 3 |  4- 6 || total
-------------------------+-------+-------++-------
Melee: Long sword        |   102 |   116 ||   218
  Use: Potion            |     1 |       ||     1
  Eat: Chunk             |       |     2 ||     2
